[Event "FIDE World Rapid-ch Open 2018"]
[White "Hirneise, Jens"]
[Black "Geller, Jakov"]
[Site "St. Petersburg"]
[Round "13.79"]
[Annotator "ChessBase"]
[Result "1/2-1/2"]
[Date "2018.12.28"]
[WhiteElo "2371"]
[BlackElo "2518"]
[PlyCount "116"]
[TimeControl "900+10"]

1. e4 c5 2. Nf3 e6 3. d4 cxd4 4. Nxd4 a6 5. Nc3 Qc7 6. Bd3 Nf6 7. f4 d6 8. Qf3 b5 9. Be3 Bb7 10. g4 b4 11. Nce2 h6 12. g5 hxg5 13. fxg5 Nfd7 14. g6 Ne5 15. gxf7+ Qxf7 16. Qxf7+ Kxf7 17. 0-0+ Ke7 18. Bg5+ Kd7 19. Nf4 Nbc6 20. Ndxe6 Be7 21. Bxe7 Nxe7 22. Ng5 Rh4 23. h3 Rf8 24. Nfe6 Rf6 25. Nf8+ Kc6 26. Kg2 Rh5 27. Nge6 Rfh6 28. Nd4+ Kb6 29. Nf3 N7g6 30. Nxg6 Rxg6+ 31. Kf2 Nxf3 32. Kxf3 Rxh3+ 33. Ke2 Re6 34. Rf4 d5 35. Rg1 dxe4 36. Bc4 Re7 37. Rf5 e3 38. Rg6+ Ka7 39. Re6 Rxe6 40. Bxe6 Rh2+ 41. Kxe3 Rxc2 42. Rf7 Kb6 43. Rxg7 Rxb2 44. Kd4 Bc6 45. Rg6 a5 46. Bc4 Rd2+ 47. Ke3 Rc2 48. Bd5 Kb5 49. Bb3 Rc3+ 50. Kd2 a4 51. Rg5+ Kb6 52. Bc2 Kc7 53. Rg4 Ra3 54. Rxb4 Rxa2 55. Kc1 Ra3 56. Kb2 Re3 57. Bxa4 Bxa4 58. Rxa4 Kb6 1/2-1/2

[Event "FIDE World Rapid-ch Open 2018"]
[White "Baron, Tal"]
[Black "Bilguun, Sumiya"]
[Site "St. Petersburg"]
[Round "13.80"]
[Annotator "ChessBase"]
[Result "0-1"]
[Date "2018.12.28"]
[WhiteElo "2532"]
[BlackElo "2497"]
[PlyCount "126"]
[TimeControl "900+10"]

1. e4 c5 2. Nf3 e6 3. d4 cxd4 4. Nxd4 a6 5. c4 Nf6 6. Nc3 Qc7 7. Be2 Bb4 8. 0-0 0-0 9. Bg5 Nc6 10. Bxf6 gxf6 11. Rc1 Qd6 12. a3 Bc5 13. Nb3 b6 14. Nxc5 Qxd1 15. Rfxd1 bxc5 16. Na4 Nd4 17. Bf1 d6 18. b4 Bd7 19. bxc5 Bxa4 20. Rxd4 dxc5 21. Rd6 Rfd8 22. Rb6 Rd4 23. f3 Rd2 24. Rcb1 Kg7 25. Rb8 Rxb8 26. Rxb8 Rd6 27. Kf2 e5 28. Ke3 Bd7 29. g4 Be6 30. Rb1 Rd4 31. Rc1 Rd6 32. Rb1 Rd4 33. Rc1 Rd6 34. Bd3 Rb6 35. Kd2 Rb3 36. Ra1 Bd7 37. h4 h6 38. h5 Kf8 39. Kc2 Ba4 40. Kd2 Rb2+ 41. Ke3 Bb3 42. Rc1 a5 43. f4 a4 44. Bb1 Rh2 45. fxe5 fxe5 46. Kf3 Kg7 47. Kg3 Rd2 48. Rc3 Rd1 49. Bd3 Ra1 50. Be2 Rxa3 51. Rf3 Ra2 52. Bf1 Rd2 53. g5 hxg5 54. h6+ Kxh6 55. Rxf7 a3 56. Ra7 a2 57. Bh3 Rd3+ 58. Kg2 Rd1 59. Bf5 g4 60. Ra6+ Kh5 61. Kg3 Rg1+ 62. Kh2 a1=Q 63. Bxg4+ Kg5 0-1

[Event "FIDE World Rapid-ch Open 2018"]
[White "Nozdrachev, Vladislav"]
[Black "Pogosyan, Stefan"]
[Site "St. Petersburg"]
[Round "13.81"]
[Annotator "ChessBase"]
[Result "1-0"]
[Date "2018.12.28"]
[WhiteElo "2486"]
[BlackElo "2365"]
[PlyCount "51"]
[TimeControl "900+10"]

1. e4 e5 2. Nf3 Nc6 3. Bc4 Nf6 4. d3 Be7 5. Nc3 0-0 6. a3 d6 7. h3 Be6 8. Nd5 h6 9. 0-0 Re8 10. c3 Bf8 11. Nh2 Bxd5 12. exd5 Ne7 13. Qf3 Qd7 14. Bxh6 c6 15. dxc6 bxc6 16. Bg5 d5 17. Bxf6 gxf6 18. Ba2 f5 19. Rfe1 Bg7 20. Nf1 e4 21. dxe4 fxe4 22. Rxe4 dxe4 23. Bxf7+ Kh7 24. Qh5+ Bh6 25. Rd1 Qc8 26. Rd6 1-0

[Event "FIDE World Rapid-ch Open 2018"]
[White "Shubin, Kirill"]
[Black "Drygalov, Andrey"]
[Site "St. Petersburg"]
[Round "13.82"]
[Annotator "ChessBase"]
[Result "0-1"]
[Date "2018.12.28"]
[WhiteElo "2334"]
[BlackElo "2481"]
[PlyCount "98"]
[TimeControl "900+10"]

1. e4 c5 2. Nf3 d6 3. d4 cxd4 4. Qxd4 a6 5. h3 Nc6 6. Qe3 g6 7. c4 Bg7 8. Nc3 Nf6 9. Be2 0-0 10. 0-0 Nd7 11. Rb1 Nde5 12. Rd1 Nxf3+ 13. Bxf3 Be6 14. b3 Qa5 15. Bb2 Rab8 16. Nd5 Qc5 17. Qe1 Bxb2 18. Rxb2 Bxd5 19. Rxd5 Qb4 20. Qc1 e6 21. Rd1 e5 22. Bg4 Nd4 23. f4 Qc5 24. Kh1 f6 25. b4 Qc7 26. c5 dxc5 27. bxc5 Kg7 28. Rb6 Rf7 29. Rd6 b6 30. Rd5 bxc5 31. Rxc5 Qe7 32. Qc4 Rb2 33. Qd5 h5 34. Bc8 Ne2 35. f5 Nf4 36. Qc4 gxf5 37. Rd7 Qxd7 38. Bxd7 Rxd7 39. Rc7 Rxc7 40. Qxc7+ Kg6 41. Qc4 Rxg2 42. Qg8+ Kh6 43. Qh8+ Kg5 44. Qg7+ Kh4 45. Qxf6+ Kg3 46. Qg5+ Kf2 47. Qxf5 Rg1+ 48. Kh2 Rg2+ 49. Kh1 Rg3 0-1

[Event "FIDE World Rapid-ch Open 2018"]
[White "Shinkevich, Vitaly"]
[Black "Drygalov, Sergey"]
[Site "St. Petersburg"]
[Round "13.83"]
[Annotator "NA"]
[Result "1/2-1/2"]
[Date "2018.12.28"]
[WhiteElo "2439"]
[BlackElo "2446"]
[PlyCount "128"]
[TimeControl "900+10"]

1. Nf3 Nf6 2. c4 c6 3. Nc3 d5 4. d4 e6 5. g3 dxc4 6. Bg2 b5 7. Ne5 a6 8. 0-0 Bb7 9. b3 cxb3 10. axb3 Be7 11. Bg5 0-0 12. Rc1 Ra7 13. Ne4 Nd5 14. Bxe7 Qxe7 15. Nc5 b4 16. e3 a5 17. Ra1 Ba6 18. Re1 Bb5 19. Qh5 Na6 20. Ne4 f6 21. Nf3 Nb8 22. Nfd2 Nd7 23. Nc4 a4 24. Ned6 g6 25. Qh4 Bxc4 26. Nxc4 N7b6 27. Nxb6 Nxb6 28. bxa4 Rxa4 29. Bxc6 Rxa1 30. Rxa1 Rc8 31. Be4 Nc4 32. Ra6 b3 33. d5 g5 34. Rxe6 gxh4 35. Rxe7 Nd2 36. Bf5 Rb8 37. d6 b2 38. d7 Kf8 39. Rxh7 Rd8 40. Rh8+ Ke7 41. Rxd8 Kxd8 42. gxh4 b1=Q+ 43. Bxb1 Nxb1 44. h5 Nd2 45. Kg2 Ne4 46. Kf3 Nd6 47. h6 Nf7 48. h7 Ng5+ 49. Kg4 Nxh7 50. Kf5 Kxd7 51. Kg6 Ng5 52. h4 Nf3 53. h5 Ke7 54. h6 Ne5+ 55. Kg7 f5 56. h7 Nf7 57. f4 Nh8 58. Kg8 Kf6 59. Kf8 Kg6 60. Kg8 Kf6 61. Kf8 Ng6+ 62. Kg8 Ne7+ 63. Kf8 Ng6+ 64. Kg8 Ne7+ 1/2-1/2

[Event "FIDE World Rapid-ch Open 2018"]
[White "Golubov, Saveliy"]
[Black "Lobanov, Sergei"]
[Site "St. Petersburg"]
[Round "13.84"]
[Annotator "ChessBase"]
[Result "1/2-1/2"]
[Date "2018.12.28"]
[WhiteElo "2482"]
[BlackElo "2526"]
[PlyCount "184"]
[TimeControl "900+10"]

1. d4 Nf6 2. c4 e6 3. Qc2 d5 4. Nf3 Be7 5. Nc3 0-0 6. Bf4 c5 7. e3 cxd4 8. Nxd4 Nc6 9. Rd1 Nxd4 10. Rxd4 Qa5 11. Qa4 Qxa4 12. Nxa4 Bd7 13. Nc3 Bc6 14. f3 Rfd8 15. Be2 Bc5 16. Rd3 dxc4 17. Rxd8+ Rxd8 18. Bxc4 Nh5 19. Ke2 Nxf4+ 20. exf4 Rd4 21. Bd3 Rxf4 22. Be4 f5 23. Bxc6 bxc6 24. Rc1 Rd4 25. Nd1 Rd5 26. a3 a5 27. f4 Kf7 28. Ne3 Bxe3 29. Kxe3 Rb5 30. b4 axb4 31. axb4 Rxb4 32. Rxc6 Rb3+ 33. Kf2 h6 34. h4 Rb4 35. Kf3 Rb3+ 36. Kf2 Rb4 37. Kg3 g5 38. hxg5 hxg5 39. fxg5 Rg4+ 40. Kf3 Rxg5 41. Rc5 Rg4 42. Ra5 Kf6 43. Ra6 Rb4 44. g3 Rb3+ 45. Kf4 Rc3 46. Rb6 Ra3 47. Rc6 Ra4+ 48. Kf3 Ke5 49. Rc5+ Kd4 50. Rc8 Ke5 51. Rc3 Kd4 52. Rc8 Kd5 53. Rd8+ Ke5 54. Rd3 Rd4 55. Ra3 Rb4 56. Ra5+ Kf6 57. Ra6 Rb3+ 58. Kf4 Rc3 59. Rb6 Ra3 60. Rc6 Ra4+ 61. Kf3 Ke5 62. Rb6 Ra3+ 63. Kf2 Kd5 64. Rb5+ Ke4 65. Rb4+ Ke5 66. Rb5+ Kf6 67. Rb6 Ke5 68. Rb5+ Kd4 69. Rb4+ Kc5 70. Rb8 Rd3 71. Ra8 Kd5 72. Ra5+ Ke4 73. Ra4+ Rd4 74. Ra2 e5 75. Re2+ Kd5 76. Ra2 Rc4 77. Kf3 Rc3+ 78. Kf2 e4 79. Ra5+ Rc5 80. Ra2 Ke5 81. Ke3 Rc3+ 82. Kf2 Kd4 83. Rd2+ Rd3 84. Ra2 Rf3+ 85. Kg2 Rb3 86. Rf2 Kd3 87. Ra2 Rc3 88. Kf2 Kd4 89. Ra4+ Rc4 90. Ra2 Kd3 91. Ra3+ Kd2 92. Ra2+ Kd3 1/2-1/2

[Event "FIDE World Rapid-ch Open 2018"]
[White "Christiansen, Johan-Sebastian"]
[Black "Vaisser, Anatoli"]
[Site "St. Petersburg"]
[Round "13.85"]
[Annotator "ChessBase"]
[Result "1-0"]
[Date "2018.12.28"]
[WhiteElo "2555"]
[BlackElo "2505"]
[PlyCount "83"]
[TimeControl "900+10"]

1. e4 e6 2. d4 d5 3. Nc3 Bb4 4. e5 c5 5. a3 Ba5 6. b4 cxd4 7. Nb5 Bc7 8. f4 Ne7 9. Bd3 a5 10. Nxc7+ Qxc7 11. b5 a4 12. Nf3 Nd7 13. 0-0 Nc5 14. Nxd4 Nxd3 15. cxd3 0-0 16. Be3 Nf5 17. Nxf5 exf5 18. b6 Qd8 19. Bd4 Bd7 20. Rc1 Rc8 21. Qd2 Bc6 22. Rc3 Qd7 23. Rfc1 Rfe8 24. Qf2 Re6 25. h3 h6 26. Kh2 Rg6 27. R1c2 Ra8 28. Bc5 Ra5 29. Qd4 Kh7 30. Bd6 Rb5 31. Rf2 Qd8 32. Bc5 Qh4 33. Qe3 Rxc5 34. Rxc5 d4 35. Qe2 Rg3 36. Rxc6 Re3 37. Qf1 bxc6 38. b7 Qd8 39. Qb1 Qb8 40. Rc2 Rxd3 41. Rxc6 Rb3 42. Qxf5+ 1-0

[Event "FIDE World Rapid-ch Open 2018"]
[White "Belozerov, Andrei"]
[Black "Zubritskiy, Artyom"]
[Site "St. Petersburg"]
[Round "13.86"]
[Annotator "ChessBase"]
[Result "1-0"]
[Date "2018.12.28"]
[WhiteElo "2528"]
[BlackElo "2442"]
[PlyCount "99"]
[TimeControl "900+10"]

1. e4 c5 2. Nf3 d6 3. Bb5+ Bd7 4. Bxd7+ Qxd7 5. c4 g6 6. d4 cxd4 7. Nxd4 Bg7 8. b3 Nc6 9. Bb2 Nf6 10. Nc3 0-0 11. 0-0 e6 12. Re1 Nxd4 13. Qxd4 Nd5 14. Qd2 Nxc3 15. Bxc3 Bxc3 16. Qxc3 b5 17. cxb5 Qxb5 18. Rad1 Rfd8 19. Rd4 Rac8 20. Qd2 Qe5 21. Rd1 Rc6 22. g3 Rdc8 23. Qe3 a6 24. Kg2 Rc3 25. R1d3 Rxd3 26. Qxd3 Rc6 27. b4 g5 28. h3 Kf8 29. a4 Ke7 30. Rc4 Rxc4 31. Qxc4 Kd7 32. Kf3 h5 33. Qxa6 Qc3+ 34. Kg2 Qxb4 35. Qa7+ Ke8 36. Qa8+ Ke7 37. a5 d5 38. exd5 Qe4+ 39. Kh2 exd5 40. Qa7+ Kf6 41. a6 h4 42. Qb8 Qf3 43. Qb6+ Kg7 44. Qd4+ Kg6 45. gxh4 Qa3 46. a7 gxh4 47. Qg4+ Kf6 48. Qxh4+ Ke6 49. Qg4+ Ke7 50. Qg5+ 1-0

[Event "FIDE World Rapid-ch Open 2018"]
[White "Gordievsky, Dmitry"]
[Black "Yeritsyan, Aram"]
[Site "St. Petersburg"]
[Round "13.87"]
[Annotator "ChessBase"]
[Result "0-1"]
[Date "2018.12.28"]
[WhiteElo "2614"]
[BlackElo "2372"]
[PlyCount "90"]
[TimeControl "900+10"]

1. Nf3 Nf6 2. c4 e6 3. b3 b6 4. g3 Bb7 5. Bg2 Be7 6. 0-0 0-0 7. Bb2 c5 8. Nc3 d5 9. e3 Nbd7 10. Qe2 Rc8 11. d3 Qc7 12. Rad1 e5 13. e4 d4 14. Nd5 Nxd5 15. cxd5 b5 16. Nd2 Nb6 17. Bh3 Rcd8 18. Rc1 Bc8 19. Bxc8 Rxc8 20. f4 Bd6 21. fxe5 Bxe5 22. Nf3 Qe7 23. Nxe5 Qxe5 24. Rf5 Qd6 25. Qg4 a5 26. Rcf1 Rce8 27. Qf4 Qxf4 28. gxf4 f6 29. d6 Nd7 30. Rc1 Rc8 31. Kf2 Kf7 32. Rd5 Ke6 33. f5+ Kf7 34. Ke2 g5 35. Bxd4 cxd4 36. Rc7 Rxc7 37. dxc7 Ke7 38. Rxb5 Rc8 39. Rxa5 Rxc7 40. Kd2 Ne5 41. b4 Rc3 42. Ra7+ Kd8 43. b5 Rxd3+ 44. Ke2 Re3+ 45. Kd1 Nc4 0-1

[Event "FIDE World Rapid-ch Open 2018"]
[White "Pershin, Denis"]
[Black "Vlassov, Nikolai"]
[Site "St. Petersburg"]
[Round "13.88"]
[Annotator "NA"]
[Result "1-0"]
[Date "2018.12.28"]
[WhiteElo "2400"]
[BlackElo "2401"]
[PlyCount "51"]
[TimeControl "900+10"]

1. d4 Nf6 2. Nc3 d5 3. Bf4 c6 4. e3 b5 5. Bd3 Bg4 6. Nf3 Nbd7 7. h3 Bh5 8. g4 Bg6 9. Ne5 Rc8 10. h4 e6 11. Be2 b4 12. Nb1 c5 13. h5 Be4 14. f3 Bxc2 15. Qxc2 cxd4 16. Qa4 Rc1+ 17. Bd1 Bd6 18. exd4 Rxd1+ 19. Qxd1 Qc7 20. Qe2 0-0 21. Nd2 Rc8 22. 0-0 Qc2 23. Rac1 Qxc1 24. Rxc1 Rxc1+ 25. Kg2 Nb6 26. Nd3 1-0

[Event "FIDE World Rapid-ch Open 2018"]
[White "Dzhumagaliev, Yan"]
[Black "Ovchinnikov, Vsevolod"]
[Site "St. Petersburg"]
[Round "13.89"]
[Annotator "NA"]
[Result "1-0"]
[Date "2018.12.28"]
[WhiteElo "2410"]
[BlackElo "2329"]
[PlyCount "141"]
[TimeControl "900+10"]

1. d4 Nf6 2. c4 g6 3. Nf3 Bg7 4. g3 d5 5. cxd5 Nxd5 6. Bg2 Nb6 7. Nc3 Nc6 8. e3 0-0 9. 0-0 Re8 10. d5 Na5 11. Nd4 Bd7 12. Nb3 Nxb3 13. Qxb3 e6 14. e4 exd5 15. exd5 a5 16. a4 Qe7 17. Nb5 Bxb5 18. Qxb5 Qb4 19. Qxb4 axb4 20. a5 Nc4 21. Ra4 Rxa5 22. Rxb4 Nd6 23. Bf4 Be5 24. Bh6 Rb5 25. Rxb5 Nxb5 26. Rc1 Bd6 27. Be3 b6 28. Bf1 Na7 29. Ra1 Nc8 30. Ra8 Be5 31. Bb5 Rf8 32. Ra2 Ne7 33. Bc4 Rd8 34. Bg5 Kf8 35. b3 f6 36. Bh6+ Ke8 37. Re2 Kd7 38. g4 Kd6 39. Be3 b5 40. f4 Bc3 41. Bxb5 Nxd5 42. Bc1 Bd4+ 43. Kg2 Nc3 44. Re8 Rxe8 45. Bxe8 Nd5 46. Kf3 c5 47. Bf7 Nc7 48. h4 Ke7 49. Bc4 h6 50. Ke4 Bf2 51. h5 gxh5 52. gxh5 Ne8 53. Kf5 Nd6+ 54. Kg6 f5 55. Bd2 Bd4 56. Ba5 Be3 57. Bb6 Nc8 58. Bc7 Nd6 59. Kxh6 Bxf4+ 60. Kg6 Be5 61. Bd5 Kd7 62. Bb6 Bd4 63. b4 Nc8 64. Bxc5 Ne7+ 65. Bxe7 Kxe7 66. Kxf5 Be3 67. Kg6 Kf8 68. h6 Bd4 69. h7 Ke7 70. b5 Kd6 71. b6 1-0

[Event "FIDE World Rapid-ch Open 2018"]
[White "Gaifullin, Artur"]
[Black "Zablotsky, Sergei"]
[Site "St. Petersburg"]
[Round "13.90"]
[Annotator "ChessBase"]
[Result "0-1"]
[Date "2018.12.28"]
[WhiteElo "2448"]
[BlackElo "2511"]
[PlyCount "84"]
[TimeControl "900+10"]

1. d4 d6 2. Nf3 g6 3. c4 Bg7 4. e3 e5 5. Nc3 Nd7 6. Be2 Ngf6 7. 0-0 0-0 8. Re1 Re8 9. Bf1 e4 10. Nd2 Nf8 11. h3 h5 12. b4 g5 13. Qc2 Qe7 14. f3 exf3 15. Nxf3 g4 16. Ng5 c6 17. Bd3 Nd5 18. cxd5 Qxg5 19. Ne4 Qxd5 20. Rf1 Re6 21. h4 Re7 22. Ng5 Be6 23. Bb2 c5 24. Rad1 cxb4 25. Kh1 Rc8 26. Qf2 Qxa2 27. Rd2 Qb3 28. d5 Bxb2 29. dxe6 fxe6 30. Rxb2 Qxd3 31. Qf6 Rec7 32. Rbf2 Qg6 33. Qb2 Rc2 34. Qxb4 Rxf2 35. Rxf2 g3 36. Rf1 Qd3 37. Qe1 Rc4 38. Nf3 Ng6 39. Kg1 Rg4 40. Qa5 Qxe3+ 41. Kh1 Qf4 42. Qxh5 Rxh4+ 0-1

[Event "FIDE World Rapid-ch Open 2018"]
[White "Gurvich, Vitaly"]
[Black "Sanikidze, Tornike"]
[Site "St. Petersburg"]
[Round "13.91"]
[Annotator "ChessBase"]
[Result "0-1"]
[Date "2018.12.28"]
[WhiteElo "2270"]
[BlackElo "2507"]
[PlyCount "86"]
[TimeControl "900+10"]

1. c4 e6 2. d4 d5 3. Nf3 Nf6 4. Bg5 h6 5. Bh4 Bb4+ 6. Nc3 dxc4 7. Qa4+ Nc6 8. e3 Bd7 9. Qc2 b5 10. Be2 a6 11. 0-0 Be7 12. Bxf6 gxf6 13. e4 Qb8 14. d5 Ne5 15. Nxe5 fxe5 16. Bg4 Qb6 17. dxe6 fxe6 18. Bh5+ Kd8 19. b3 cxb3 20. axb3 Kc8 21. Rfd1 Bc5 22. Rac1 Rf8 23. Bf3 Bd4 24. Ne2 Bxf2+ 25. Kh1 Be3 26. Qd3 Rd8 27. Rc3 Bg5 28. Qc2 Kb7 29. Rc5 Bc6 30. Rxe5 Rxd1+ 31. Qxd1 Rd8 32. Qb1 Rd6 33. h3 Qe3 34. b4 Rd2 35. Ng1 Qd4 36. Rxe6 Rb2 37. Qf1 Qc4 38. Qxc4 bxc4 39. Ne2 Be3 40. Nc3 Rxb4 41. e5 Bxf3 42. gxf3 Bd4 43. Nd5 Rb5 0-1

[Event "FIDE World Rapid-ch Open 2018"]
[White "Masrahi, Abdulrahman A"]
[Black "Sokolov, Andrei"]
[Site "St. Petersburg"]
[Round "13.92"]
[Annotator "ChessBase"]
[Result "0-1"]
[Date "2018.12.28"]
[WhiteElo "1903"]
[BlackElo "2532"]
[PlyCount "60"]
[TimeControl "900+10"]

1. d4 d6 2. Bf4 g6 3. e3 Bg7 4. Nf3 Nd7 5. h3 e5 6. Bh2 Ne7 7. Be2 0-0 8. 0-0 b6 9. a4 a6 10. Nbd2 Bb7 11. Nc4 Nc6 12. c3 Qe7 13. Re1 Rae8 14. Qb3 Kh8 15. Rad1 f5 16. Qa3 h6 17. b4 e4 18. Nfd2 d5 19. Nb2 Nf6 20. Qb3 g5 21. b5 axb5 22. axb5 Na5 23. Qb4 Qf7 24. c4 dxc4 25. Nbxc4 Nd5 26. Qb2 f4 27. Rf1 f3 28. gxf3 exf3 29. Bxf3 Nxc4 30. Nxc4 Qxf3 0-1

[Event "FIDE World Rapid-ch Open 2018"]
[White "Hirneise, Tobias"]
[Black "Chen, Qi b"]
[Site "St. Petersburg"]
[Round "13.93"]
[Annotator "ChessBase"]
[Result "0-1"]
[Date "2018.12.28"]
[WhiteElo "2464"]
[BlackElo "2437"]
[PlyCount "60"]
[TimeControl "900+10"]

1. e4 e5 2. Nf3 Nc6 3. Bb5 Nf6 4. d3 Bc5 5. c3 0-0 6. 0-0 d6 7. Re1 a6 8. Ba4 Ba7 9. h3 h6 10. Nbd2 Ne7 11. Nf1 Ng6 12. Ng3 Bd7 13. Bc2 Re8 14. d4 c5 15. dxc5 dxc5 16. Be3 Qc7 17. a4 b5 18. Qe2 c4 19. Bxa7 Rxa7 20. Qe3 Rb7 21. axb5 axb5 22. Ra6 Be6 23. Nf5 Rd8 24. Nxh6+ gxh6 25. Qxh6 Rb6 26. Rxb6 Qxb6 27. Re3 Nh7 28. h4 Qc5 29. Ng5 Nxg5 30. Qxg5 Qe7 0-1

[Event "FIDE World Rapid-ch Open 2018"]
[White "Al Thebaiti, Ahmed M"]
[Black "Borisenko, Viacheslav"]
[Site "St. Petersburg"]
[Round "13.94"]
[Annotator "NA"]
[Result "0-1"]
[Date "2018.12.28"]
[WhiteElo "1976"]
[BlackElo "2289"]
[PlyCount "59"]
[TimeControl "900+10"]

1. d4 d5 2. Bf4 Nf6 3. e3 c5 4. c3 Qb6 5. Qb3 c4 6. Qc2 g6 7. Nd2 Bf5 8. Qc1 Nc6 9. Ngf3 Bg7 10. h3 0-0 11. b3 cxb3 12. axb3 Rac8 13. Be2 Nb4 14. 0-0 Nc2 15. Ra2 Rxc3 16. Qb2 Rfc8 17. g4 Nb4 18. Ra4 Nd3 19. Bxd3 Bxd3 20. Rfa1 h5 21. g5 Ne4 22. Nxe4 Bxe4 23. Ne5 Rxb3 24. Qd2 Rc2 25. Qe1 a6 26. Nd7 Qe6 27. Nc5 Rxc5 28. dxc5 Qxh3 29. f3 Bxf3 30. Qg3 0-1

[Event "FIDE World Rapid-ch Open 2018"]
[White "Guimaraes, Diogo Duarte"]
[Black "Tsoi, Dmitry"]
[Site "St. Petersburg"]
[Round "13.95"]
[Annotator "NA"]
[Result "0-1"]
[Date "2018.12.28"]
[WhiteElo "2278"]
[BlackElo "2424"]
[PlyCount "80"]
[TimeControl "900+10"]

1. e4 e5 2. Nf3 d6 3. d4 exd4 4. Nxd4 Nf6 5. Nc3 Be7 6. g3 d5 7. exd5 Nxd5 8. Ndb5 Nxc3 9. Qxd8+ Bxd8 10. Nxc3 0-0 11. Be3 c6 12. 0-0-0 Be6 13. Bg2 Nd7 14. Ne4 Bb6 15. Rhe1 Rfd8 16. Ng5 Nf8 17. Bxb6 axb6 18. Nxe6 Rxd1+ 19. Rxd1 Nxe6 20. Rd7 Rb8 21. b4 Kf8 22. Bh3 Ng5 23. Bg4 Ne4 24. Rc7 Ke8 25. b5 cxb5 26. Bf3 Nd6 27. Bd5 b4 28. f4 Kd8 29. Rxf7 Nxf7 30. Bxf7 Ke7 31. Bd5 Kd6 32. Be4 h6 33. Kd2 Ra8 34. Bxb7 Rxa2 35. Kd3 b3 36. cxb3 Rxh2 37. Bc8 Rb2 38. Kc3 Rg2 39. g4 Rf2 40. f5 Rf4 0-1

[Event "FIDE World Rapid-ch Open 2018"]
[White "Zakhartsov, Vladimir"]
[Black "Vorotnikov, Vladislav V"]
[Site "St. Petersburg"]
[Round "13.96"]
[Annotator "ChessBase"]
[Result "1-0"]
[Date "2018.12.28"]
[WhiteElo "2486"]
[BlackElo "2417"]
[PlyCount "117"]
[TimeControl "900+10"]

1. c4 d6 2. Nc3 e5 3. d4 exd4 4. Qxd4 Nc6 5. Qd2 Nf6 6. b3 a5 7. Bb2 a4 8. Nxa4 d5 9. 0-0-0 dxc4 10. Qxd8+ Nxd8 11. e4 cxb3 12. axb3 Be6 13. Bxf6 gxf6 14. Kc2 Nc6 15. Bb5 Ra5 16. Bxc6+ bxc6 17. Ne2 Bd6 18. Nd4 Bd7 19. Nb2 Ke7 20. Ra1 Rha8 21. Rxa5 Rxa5 22. Rb1 Be5 23. Nf3 Be6 24. Nxe5 fxe5 25. Nd3 f6 26. f3 Ra2+ 27. Rb2 Ra1 28. Nc5 Kd6 29. b4 Ra3 30. Kd1 Ke7 31. Ke2 Bc4+ 32. Kf2 Ra1 33. Rc2 Bf7 34. Nb7 Be8 35. Na5 Kd6 36. Rb2 Ke7 37. Nb7 Rc1 38. Nc5 Rc4 39. h4 h6 40. Ke3 Rc3+ 41. Kd2 Ra3 42. Ke2 Rc3 43. Na6 Kd8 44. Rd2+ Kc8 45. Nc5 Ra3 46. Ne6 Bd7 47. Nf8 Be8 48. Nh7 Rb3 49. Nxf6 Bf7 50. Ng4 Rxb4 51. Nxe5 Be8 52. Rc2 Kb7 53. Nd3 Rb5 54. g4 Kb6 55. f4 c5 56. f5 Bf7 57. Ne5 Bb3 58. Rc3 c4 59. Nxc4+ 1-0

[Event "FIDE World Rapid-ch Open 2018"]
[White "Dubrovin, Robert"]
[Black "Apryshko, Gleb"]
[Site "St. Petersburg"]
[Round "13.97"]
[Annotator "NA"]
[Result "0-1"]
[Date "2018.12.28"]
[WhiteElo "2220"]
[BlackElo "2385"]
[PlyCount "98"]
[TimeControl "900+10"]

1. d4 g6 2. c4 Bg7 3. Nc3 c5 4. d5 Bxc3+ 5. bxc3 f5 6. g3 Qa5 7. Qb3 Nf6 8. Nh3 d6 9. Bg2 Nbd7 10. 0-0 Nb6 11. a4 Qa6 12. Nf4 Nxc4 13. Rd1 Na5 14. Qc2 Qc4 15. Ra3 Qa6 16. h4 Bd7 17. Bf1 Nc4 18. Ra2 Ne5 19. e4 c4 20. Ne6 Bxe6 21. dxe6 fxe4 22. Bg5 Nd3 23. Qe2 d5 24. Bh3 Rf8 25. Bh6 0-0-0 26. Bxf8 Rxf8 27. Qe3 Kb8 28. Rb1 Rc8 29. Qd4 Rc5 30. Bf1 Ra5 31. Bxd3 cxd3 32. Rb4 Qxe6 33. Rab2 Qd6 34. Rxb7+ Kc8 35. Rxa7 e5 36. Qe3 d4 37. cxd4 Rxa7 38. dxe5 Qxe5 39. Rb5 Qe7 40. Qb6 Rc7 41. Rb2 Qe5 42. a5 e3 43. a6 Qxb2 44. Qxb2 d2 45. a7 d1=Q+ 46. Kg2 Qd5+ 47. Kh2 Ng4+ 48. Kh3 Nxf2+ 49. Kh2 Qh1# 0-1

[Event "FIDE World Rapid-ch Open 2018"]
[White "Perdomo, Carlos Andres"]
[Black "khayat, Abdullah F"]
[Site "St. Petersburg"]
[Round "13.98"]
[Annotator "NA"]
[Result "1-0"]
[Date "2018.12.28"]
[WhiteElo "2301"]
[BlackElo "1723"]
[PlyCount "67"]
[TimeControl "900+10"]

1. c4 e5 2. Nc3 d6 3. g3 Be7 4. Bg2 Nf6 5. e3 c6 6. d4 0-0 7. Nge2 Bf5 8. 0-0 h6 9. e4 Bh7 10. f4 exf4 11. gxf4 Nbd7 12. Ng3 Qb6 13. Kh1 a5 14. e5 Ne8 15. exd6 Bh4 16. c5 Qd8 17. Qg4 Bxg3 18. Qxg3 f5 19. Be3 Nef6 20. d5 cxd5 21. Nxd5 Nxd5 22. Bxd5+ Kh8 23. Rg1 Qf6 24. Rad1 Bg8 25. Bxb7 Rab8 26. Bd4 Qf7 27. Qxg7+ Qxg7 28. Bxg7+ Kh7 29. c6 Nc5 30. Be5 Rf7 31. c7 Re8 32. c8=Q Rxc8 33. Bxc8 Ne4 34. d7 1-0

[Event "FIDE World Rapid-ch Open 2018"]
[White "Mamatov, Melis"]
[Black "Alsulaymi, Abdullah M"]
[Site "St. Petersburg"]
[Round "13.99"]
[Annotator "NA"]
[Result "1-0"]
[Date "2018.12.28"]
[WhiteElo "2223"]
[BlackElo "1833"]
[PlyCount "71"]
[TimeControl "900+10"]

1. e4 e5 2. Nf3 Nf6 3. Nc3 Nc6 4. d3 d6 5. Be3 Be7 6. Be2 0-0 7. d4 Ng4 8. Nd5 Nxe3 9. fxe3 f5 10. Bd3 exd4 11. exd4 Be6 12. Nf4 Bd7 13. exf5 Bxf5 14. Bxf5 Rxf5 15. Ne6 Qd7 16. d5 Nb4 17. c4 c6 18. Ned4 Rh5 19. Qd2 Na6 20. dxc6 bxc6 21. 0-0 d5 22. Qe2 Nc7 23. Ne5 Qe8 24. Nexc6 Bd6 25. Qxe8+ Rxe8 26. Nf3 dxc4 27. Rac1 Nd5 28. Rfe1 Rxe1+ 29. Rxe1 Bc5+ 30. Kh1 Ne3 31. Nce5 g5 32. Nd7 g4 33. Nf6+ Kf7 34. Nxh5 gxf3 35. gxf3 Nd5 36. Re5 1-0

[Event "FIDE World Rapid-ch Open 2018"]
[White "Ahmed Hassan Abdillahi"]
[Black "Al Turky, Fahad A"]
[Site "St. Petersburg"]
[Round "13.100"]
[Annotator "NA"]
[Result "1-0"]
[Date "2018.12.28"]
[WhiteElo "1570"]
[BlackElo "1836"]
[PlyCount "92"]
[TimeControl "900+10"]

1. d4 d5 2. c4 c6 3. Nf3 Nf6 4. Bg5 e6 5. a3 Bd6 6. Nc3 Nbd7 7. e4 dxe4 8. Nxe4 Be7 9. Bxf6 Nxf6 10. Bd3 0-0 11. 0-0 Qb6 12. Nfg5 h6 13. Nxf6+ Bxf6 14. Nh7 Qxd4 15. Nxf8 Kxf8 16. Qf3 e5 17. Rab1 Be6 18. b3 Be7 19. a4 Rd8 20. Bf5 Bxf5 21. Qxf5 Kg8 22. Qh5 Qf4 23. Rbd1 Rd4 24. Rfe1 Bc5 25. g3 Qf6 26. Rxd4 Bxd4 27. Qe2 Qf5 28. Kg2 f6 29. Qf3 Qc2 30. Re2 Qd1 31. a5 a6 32. Re4 Qb1 33. Rg4 Kf7 34. Qe4 Qb2 35. Qg6+ Ke6 36. Rxd4 exd4 37. Qxg7 d3 38. Qg4+ Kd6 39. Qf4+ Kc5 40. Qf5+ Kb4 41. Qxd3 Qxb3 42. Qd6+ Kxc4 43. Qxf6 Qc3 44. Qf7+ {[%emt 0:0:9] Kd5  Qh5+  Kc4  f4  Qf6 
Qe2+  Kd5  Qd3+  Qd4 
Qxd4+ } Kd4 {[%emt 0:0:1] Kf3  c5 
f5  Ke5 } 45. g4 h5 46. h3 {[%emt 0:0:2] Kd5  Ke3  c4  g5 } Ke5 {[%emt 0:0:11] f6  Ke6  Kd4  Kd5+ Ke4+} 1-0